 Dungeon Crawl Stone Soup version 0.31-a0-180-g519b7de00c (webtiles) character file.

Game seed: 173534251641096099

95 qw the Shooter (level 4, -4/40 HPs)
             Began as a Naga Hunter on June 19, 2023.
             Slain by a water moccasin (5 damage)
             ... on level 4 of the Dungeon.
             The game lasted 00:00:40 (2237 turns).

qw the Shooter (Naga Hunter)                        Turns: 2237, Time: 00:00:40

Health: -4/40      AC:  8    Str: 13    XL:     4   Next: 65%
Magic:  4/4        EV:  6    Int: 10    God:
Gold:   180        SH:  0    Dex: 16    Spells: 3/3 levels left

rFire   . . .        Y - +0 shortbow
rCold   + . .        (shield currently unavailable)
rNeg    . . .        d - +0 ring mail {rC+}
rPois   +            (no helmet)
rElec   .            (no cloak)
rCorr   .            (no gloves)
SInv    +            b - +0 barding
Will    .....        (no amulet)
Stlth   +            (no ring)
HPRegen 0.26/turn    (no ring)
MPRegen 0.09/turn

%: no passive effects
@: lethally poisoned (-4 -> -13), about to teleport, very slow
A: AC +1, large, see invisible, deformed body, poison resistance, slowness 2,
spit poison 1, naga tail 1
a: Spit Poison


You were on level 4 of the Dungeon.
You visited 1 branch of the dungeon, and saw 4 of its levels.

You collected 180 gold pieces.


Innate Abilities, Weirdness & Mutations

Your serpentine skin is tough. (AC +1)
You have supernaturally acute eyesight. (SInv)
Armour fits poorly on your strangely shaped body.
Your system is resistant to poisons. (rPois)
You cover ground very slowly.
You can spit poison.
You have a snake-like lower body.


   Skills:
 + Level 2.4 Fighting
 - Level 5.0 Ranged Weapons
 - Level 1.0 Armour
 - Level 1.5 Dodging
 - Level 1.5 Stealth


You had 3 spell levels left.
You didn't know any spells.
Your spell library was empty.

Inventory:

Hand Weapons
 Y - a +0 shortbow (weapon)
Armour
 b - a +0 barding (worn)
 c - a +0 leather armour
 d - a +0 ring mail of cold resistance (worn)
 o - a +0 cloak
Scrolls
 n - a scroll of identify
Potions
 a - a potion of might {unknown}
 e - a potion of mutation {unknown}
 f - a potion of haste
 h - a potion of lignification {unknown}
 i - a potion of ambrosia {unknown}
 j - a potion of magic {unknown}
 k - a potion of heal wounds {unknown}
 l - a potion of resistance {unknown}
 m - a potion of curing {unknown}
 p - a potion of brilliance {unknown}

Dungeon Overview and Level Annotations

Branches:
Dungeon (4/15)
 Temple: D:4-7

Altars:
Sif Muna


Message History

The arrow closely misses the water moccasin.
The water moccasin barely misses you.
You shoot an arrow. The arrow hits the water moccasin!
The water moccasin is heavily wounded.
The water moccasin bites you! The water moccasin bites you.
You shoot an arrow.
The arrow hits the water moccasin but does no damage.
The water moccasin is heavily wounded.
The water moccasin bites you but does no damage. x2
You shoot an arrow. The arrow hits the water moccasin.
The water moccasin is severely wounded.
The water moccasin bites you! The water moccasin barely misses you.
You shoot an arrow. The arrow hits the water moccasin.
The water moccasin is severely wounded.
The water moccasin bites you but does no damage.
You shoot an arrow. The arrow hits the water moccasin.
The water moccasin is severely wounded.
The water moccasin bites you.
The water moccasin bites you but does no damage.
You shoot an arrow. The arrow misses the water moccasin.
The water moccasin bites you. x2
You shoot an arrow. The arrow hits the water moccasin.
The water moccasin is almost dead.
The water moccasin barely misses you. The water moccasin bites you.
2234 ||| READING scroll of teleportation.
As you read the scroll of teleportation, it crumbles to dust.
You feel strangely unstable. The water moccasin barely misses you.
You shoot an arrow.
The arrow barely misses the water moccasin.
The water moccasin barely misses you. The water moccasin bites you.
You shoot an arrow.
The arrow closely misses the water moccasin.
The water moccasin bites you. x2
You are lethally poisoned!
The water moccasin poisons you!
You shoot an arrow. The arrow misses the water moccasin.
You feel very sick. The water moccasin bites you.
You die...

... #.# #.#
... #.# #.#
#.###S##
#....@.#
#####..# #..#
#..# #..#
#######..#
.........#
##########.##
#..........#


You could see a water moccasin.

Vanquished Creatures
  2 adders (D:2)
  A gnoll (D:1)
  3 worms
  2 dart slugs
  7 orcs
  4 ball pythons
  5 endoplasms
  2 giant cockroaches (D:3)
  4 hobgoblins
  2 quokkas (D:1)
  A bat (D:2)
  3 frilled lizards
  4 goblins
  5 kobolds
  3 rats
48 creatures vanquished.

Notes
Turn   | Place    | Note
-------+----------+-------------------------------------------
     0 | D:1      | qw the Naga Hunter began the quest for the Orb.
     0 | D:1      | Reached XP level 1. HP: 19/19 MP: 1/1
     0 | D:1      | 0 ||| qw: Version: 0.3-a-7-ge0c9b40
     0 | D:1      | 0 ||| qw: Game counter: 914
     0 | D:1      | 0 ||| qw: Always use a shield: true
     0 | D:1      | 0 ||| qw: God list: Okawaru
     0 | D:1      | 0 ||| qw: Allow faded altars: false
     0 | D:1      | 0 ||| qw: Do Orc after D:15 true
     0 | D:1      | 0 ||| qw: Do second Lair branch before Depths: true
     0 | D:1      | 0 ||| qw: Lair rune preference: random
     0 | D:1      | 0 ||| qw: Plans: Normal
     0 | D:1      | 0 ||| PLANNING D:1-11
     7 | D:1      | 7 ||| INVOKING Spit Poison.
    14 | D:1      | 14 ||| INVOKING Spit Poison.
    50 | D:1      | 50 ||| INVOKING Spit Poison.
    83 | D:1      | 83 ||| INVOKING Spit Poison.
    86 | D:1      | 86 ||| INVOKING Spit Poison.
    87 | D:1      | Reached skill level 4 in Ranged Weapons
    87 | D:1      | Reached XP level 2. HP: 26/26 MP: 2/2
   137 | D:1      | 137 ||| INVOKING Spit Poison.
   143 | D:1      | 143 ||| INVOKING Spit Poison.
   148 | D:1      | 148 ||| INVOKING Spit Poison.
   226 | D:1      | 226 ||| INVOKING Spit Poison.
   275 | D:1      | 275 ||| INVOKING Spit Poison.
   291 | D:1      | 291 ||| INVOKING Spit Poison.
   343 | D:1      | Reached XP level 3. HP: 32/32 MP: 3/3
   431 | D:1      | 431 ||| INVOKING Spit Poison.
   615 | D:1      | Found a faded altar of an unknown god.
   837 | D:1      | 837 ||| READING scroll labelled KOIFUPR NAPEKH.
   838 | D:1      | 838 ||| READING scroll labelled WEGYUF BEZUS.
   839 | D:1      | 839 ||| READING scroll labelled ELOVUA UHINTUU.
   840 | D:1      | 840 ||| READING scroll labelled ZEOFIB ILEMU.
   843 | D:1      | 843 ||| READING scroll labelled GUHAIS RUOHATONO.
   844 | D:1      | 844 ||| DROPPING scroll of butterflies.
   901 | D:2      | 901 ||| INVOKING Spit Poison.
   907 | D:2      | 907 ||| INVOKING Spit Poison.
   950 | D:2      | 950 ||| INVOKING Spit Poison.
   953 | D:2      | 953 ||| INVOKING Spit Poison.
  1068 | D:2      | 1068 ||| INVOKING Spit Poison.
  1103 | D:2      | 1103 ||| INVOKING Spit Poison.
  1300 | D:2      | 1300 ||| INVOKING Spit Poison.
  1301 | D:2      | 1301 ||| DROPPING +3 sling.
  1353 | D:2      | 1353 ||| UPGRADING to +0 barding.
  1358 | D:2      | 1358 ||| UPGRADING to +0 ring mail of cold resistance.
  1368 | D:2      | 1368 ||| DRINKING 2 emerald potions.
  1532 | D:3      | 1532 ||| INVOKING Spit Poison.
  1535 | D:3      | 1535 ||| INVOKING Spit Poison.
  1559 | D:3      | 1559 ||| INVOKING Spit Poison.
  1688 | D:3      | Found a shimmering blue altar of Sif Muna.
  1749 | D:3      | 1749 ||| INVOKING Spit Poison.
  1751 | D:3      | Reached XP level 4. HP: 39/39 MP: 4/4
  1758 | D:3      | 1758 ||| INVOKING Spit Poison.
  1762 | D:3      | 1762 ||| INVOKING Spit Poison.
  1860 | D:3      | 1860 ||| INVOKING Spit Poison.
  1874 | D:3      | 1874 ||| INVOKING Spit Poison.
  1919 | D:3      | 1919 ||| INVOKING Spit Poison.
  1977 | D:3      | 1977 ||| DROPPING +6 ring of intelligence.
  1993 | D:4      | 1993 ||| INVOKING Spit Poison.
  1994 | D:4      | Reached skill level 1 in Armour
  1995 | D:4      | 1995 ||| Stepping ~*~*~tactically~*~*~ (outnumbered).
  1998 | D:4      | 1998 ||| INVOKING Spit Poison.
  2019 | D:4      | 2019 ||| INVOKING Spit Poison.
  2025 | D:4      | Reached skill level 5 in Ranged Weapons
  2048 | D:4      | 2048 ||| INVOKING Spit Poison.
  2112 | D:4      | 2112 ||| INVOKING Spit Poison.
  2142 | D:4      | 2142 ||| INVOKING Spit Poison.
  2145 | D:4      | 2145 ||| INVOKING Spit Poison.
  2152 | D:4      | 2152 ||| INVOKING Spit Poison.
  2158 | D:4      | 2158 ||| INVOKING Spit Poison.
  2223 | D:4      | Noticed a water moccasin
  2233 | D:4      | HP: 8/40 [water moccasin (5)]
  2234 | D:4      | 2234 ||| READING scroll of teleportation.
  2237 | D:4      | HP: 1/40 [poisoned by a water moccasin]
  2237 | D:4      | Slain by a water moccasin

Levels and vault maps discovered:
D:1:      lightli_arrival_boilingwater, layout_basic,
          shapermc_ecumenical_altar_petra
D:2:      layout_basic
D:3:      layout_loops_ring, lemuel_blue_sif_altar
D:4:      layout_loops_ring, makhleb_heckhound_becter,
          mainiacjoe_overflow_catwalk, mainiacjoe_overflow_chevrons

Skill      XL: |  1  2  3  4 |
---------------+-------------+-----
Ranged Weapons | 4 5 |  5.0
Armour         | 1 |  1.0
Fighting       | |  2.4
Dodging        | |  1.5
Stealth        | |  1.5

Action                     |  1- 3 |  4- 6 || total
---------------------------+-------+-------++-------
   Fire: Shortbow          |    40 |    52 ||    92
Ability: Spit Poison       |    23 |    14 ||    37
    Use: Scroll            |     5 |     1 ||     6
         Potion            |     1 |       ||     1
 Armour: Leather armour    |     1 |       ||     1
         Ring mail         |       |     8 ||     8
  Dodge: Dodged            |     6 |     9 ||    15

Table legend:
 A = Non-vault XP
 B = Vault XP
 C = Vault XP percentage of total XP
 D = Non-vault monster count
 E = Vault monster count
 F = Vault count percentage of total count
                 A         B        C        D         E       F
            +---------+---------+-------+---------+---------+-------
      Total |     136 |       0 |   0.0 |      48 |       0 |   0.0
            +---------+---------+-------+---------+---------+-------
        D:1 |      36 |       0 |   0.0 |      15 |       0 |   0.0
        D:2 |      37 |       0 |   0.0 |       8 |       0 |   0.0
        D:3 |      21 |       0 |   0.0 |      10 |       0 |   0.0
        D:4 |      42 |       0 |   0.0 |      15 |       0 |   0.0
            +---------+---------+-------+---------+---------+-------
